Map: Dead of Night

Players

NamroodTuo

  • Race: Terran Terran
  • Spawn Location: 0:00

DarthManzo

  • Race: Protoss Protoss
  • Spawn Location: 0:00

VOD

Have the link to the VOD?

Description

Time

  • Played on: Jan. 22, 2023, 5:15 a.m.
  • Length: 25:30
Show
View Real Time Build Order
Export as new Build Order

NamroodTuo Terran 

Build Orders:  

Get SALT Encoding   

  12  0:03  SCV  
  13  0:16  SCV  
  14  0:30  SCV  
  15  0:41  Supply Depot  
  15  1:01  Factory  
  15  1:11  SCV  
  15  1:17  Supply Depot  
  16  1:24  SCV  
  17  1:38  SCV  
  18  1:51  SCV  
  19  2:16  Perdition Turret  
  19  2:20  Perdition Turret  
  19  2:25  Perdition Turret  
  19  2:40  Devastation Turret  
  19  2:44  SCV, Devastation Turret  
  19  2:49  Devastation Turret  
  20  2:58  Supply Depot  
  20  2:59  SCV  
  21  3:12  SCV  
  22  3:31  Perdition Turret  
  22  3:47  Devastation Turret  
  22  3:55  Perdition Turret  
  22  4:15  SCV, Devastation Turret  
  23  4:21  Supply Depot  
  23  4:26  Engineering Bay  
  23  4:29  SCV  
  24  4:42  SCV  
  25  4:56  SCV  
  25  4:58  Supply Depot  
  26  5:06  Refinery  
  26  5:09  SCV, Refinery  
  26  5:14  Refinery  
  27  5:23  SCV  
  28  5:30  Supply Depot  
  28  5:33  Perdition Turret  
  28  5:36  Perdition Turret  
  28  5:37  SCV, Perdition Turret  
  28  5:39  Perdition Turret  
  29  5:44  Perdition Turret  
  29  5:46  Perdition Turret  
  29  5:47  Perdition Turret  
  29  5:49  Perdition Turret  
  29  5:50  SCV, Perdition Turret  
  30  6:04  SCV  
  30  6:06  Perdition Turret  
  31  6:10  Perdition Turret  
  31  6:17  SCV  
  32  6:25  Perdition Turret  
  32  6:26  Perdition Turret  
  32  6:27  Perdition Turret  
  32  6:31  SCV  
  32  6:32  Perdition Turret  
  32  6:36  Perdition Turret  
  32  6:37  Perdition Turret  
  32  6:39  Perdition Turret  
  33  6:44  SCV  
  34  6:58  SCV  
  35  7:03  Hi-Sec Auto Tracking, Supply Depot  
  35  7:05  Perdition Turret  
  35  7:06  Perdition Turret  
  35  7:07  Factory Tech Lab  
  35  7:09  Perdition Turret  
  35  7:11  SCV  
  35  7:16  Perdition Turret  
  36  7:21  Perdition Turret  
  36  7:25  SCV  
  36  7:29  Devastation Turret  
  37  7:35  Perdition Turret  
  37  7:39  SCV  
  38  8:00  Devastation Turret  
  38  8:03  Structure Armor  
  38  8:29  Devastation Turret  
  38  8:31  SCV  
  39  8:45  SCV  
  39  8:47  Perdition Turret  
  40  8:58  SCV, Devastation Turret  
  41  9:11  Perdition Turret  
  41  9:12  SCV  
  42  9:28  Devastation Turret  
  42  9:35  Perdition Turret  
  42  10:00  Perdition Turret  
  42  10:01  Devastation Turret  
  42  10:24  Devastation Turret  
  42  10:32  Spinning Dizzy  
  42  10:35  Starport  
  42  10:45  Armory  
  42  10:53  Devastation Turret  
  42  10:54  SCV, Spinning Dizzy  
  43  11:05  Perdition Turret  
  43  11:08  SCV  
  44  11:16  Spinning Dizzy  
  44  11:22  SCV, Devastation Turret  
  44  11:25  Starport  
  44  11:29  Perdition Turret  
  45  11:35  SCV  
  46  11:41  Perdition Turret, Spinning Dizzy  
  46  11:49  SCV  
  47  11:51  Devastation Turret  
  47  11:54  Perdition Turret  
  47  12:01  Perdition Turret  
  47  12:02  SCV  
  47  12:05  Perdition Turret x4  
  48  12:16  SCV  
  48  12:18  Perdition Turret  
  48  12:19  Starport  
  49  12:29  Perdition Turret  
  49  12:30  Perdition Turret  
  49  12:31  Perdition Turret  
  49  12:35  Perdition Turret  
  49  12:39  Perdition Turret x2  
  49  12:40  Perdition Turret  
  49  12:43  Devastation Turret  
  49  12:46  Perdition Turret  
  49  12:47  Perdition Turret  
  49  12:52  Perdition Turret  
  49  12:53  Perdition Turret  
  49  12:59  Perdition Turret  
  49  13:08  Perdition Turret  
  49  13:11  Perdition Turret, Devastation Turret  
  49  13:12  Perdition Turret  
  49  13:13  Perdition Turret  
  49  13:14  Perdition Turret  
  49  13:17  Perdition Turret  
  49  13:18  Perdition Turret  
  49  13:29  SCV  
  50  13:32  Perdition Turret  
  50  13:35  Perdition Turret  
  50  13:36  Perdition Turret  
  50  13:39  Perdition Turret, Devastation Turret  
  50  13:42  SCV  
  50  13:45  Devastation Turret  
  50  13:49  Perdition Turret x2  
  51  13:50  Perdition Turret  
  51  13:52  Perdition Turret  
  51  13:54  Perdition Turret x2  
  51  13:56  SCV, Perdition Turret x4  
  51  13:59  Perdition Turret  
  52  14:00  Perdition Turret  
  52  14:01  Perdition Turret x2  
  52  14:02  Perdition Turret x2  
  52  14:07  Devastation Turret  
  52  14:09  SCV, Perdition Turret  
  52  14:12  Perdition Turret  
  52  14:14  Devastation Turret  
  52  14:15  Perdition Turret  
  52  14:18  Perdition Turret  
  52  14:19  Perdition Turret  
  53  14:20  Perdition Turret  
  53  14:21  Perdition Turret x2  
  53  14:23  SCV, Perdition Turret x2  
  53  14:25  Perdition Turret  
  53  14:29  Perdition Turret  
  53  14:39  Perdition Turret x2  
  51  14:40  Perdition Turret  
  51  14:42  Devastation Turret  
  51  14:47  Perdition Turret x2  
  50  14:50  Perdition Turret  
  50  14:52  Perdition Turret  
  50  14:53  Perdition Turret  
  50  14:56  Perdition Turret  
  50  14:59  Perdition Turret x2  
  50  15:00  Perdition Turret x2  
  50  15:01  Perdition Turret  
  50  15:02  Perdition Turret  
  50  15:04  Perdition Turret  
  50  15:09  Perdition Turret  
  46  15:23  Terran Vehicle and Ship Weapons Level 1  
  46  15:31  Starport Tech Lab  
  46  15:32  Starport Tech Lab  
  46  15:33  Starport Tech Lab  
  46  15:42  Devastation Turret  
  46  16:00  Devastation Turret  
  46  16:10  Devastation Turret  
  46  16:11  Devastation Turret  
  46  16:17  Pulse Amplifier  
  46  16:20  Improved Nano-Repair  
  46  16:27  Devastation Turret  
  46  16:36  SCV  
  46  16:39  Devastation Turret x2  
  47  16:50  SCV  
  47  16:55  Devastation Turret  
  48  17:03  SCV  
  48  17:08  Devastation Turret  
  48  17:09  Devastation Turret  
  49  17:14  Devastation Turret  
  49  17:17  SCV  
  50  17:23  Devastation Turret  
  50  17:37  Devastation Turret  
  50  17:42  Devastation Turret  
  50  17:45  Wraith  
  50  17:46  Wraith x2  
  56  17:52  Devastation Turret  
  56  18:03  Terran Vehicle And Ship Armor Level 1  
  56  18:04  Supply Depot  
  56  18:25  Wraith  
  56  18:26  Wraith x2  
  62  18:35  Supply Depot  
  62  19:05  Wraith  
  62  19:06  Wraith x2, Supply Depot  
  68  19:23  Perdition Turret  
  67  19:36  Perdition Turret  
  67  19:37  Perdition Turret x2  
  67  19:38  Perdition Turret x3  
  67  19:39  Perdition Turret  
  67  19:41  Perdition Turret x3  
  67  19:45  Wraith  
  67  19:46  Wraith x2  
  67  19:48  Perdition Turret  
  73  19:50  Perdition Turret x2  
  73  19:51  Perdition Turret  
  73  19:52  Perdition Turret x4  
  73  19:54  Perdition Turret x3  
  73  19:57  Perdition Turret  
  73  19:58  Perdition Turret  
  73  19:59  Perdition Turret  
  73  20:00  Perdition Turret x3  
  73  20:02  Perdition Turret x2  
  73  20:03  Perdition Turret  
  73  20:05  Perdition Turret x4  
  73  20:06  Perdition Turret x3  
  73  20:09  Perdition Turret x2  
  73  20:10  Perdition Turret  
  73  20:11  Perdition Turret  
  73  20:15  Perdition Turret x2  
  73  20:16  Perdition Turret x3  
  73  20:19  Perdition Turret x2  
  73  20:23  Perdition Turret  
  73  20:24  Perdition Turret  
  73  20:25  Perdition Turret, Wraith  
  73  20:26  Perdition Turret, Wraith x2  
  73  20:27  Perdition Turret  
  73  20:29  Perdition Turret x2  
  79  20:31  Perdition Turret x4  
  79  20:32  Perdition Turret x2  
  79  20:34  Perdition Turret  
  79  20:40  Perdition Turret  
  79  20:42  Perdition Turret x2  
  79  20:44  Perdition Turret  
  79  20:45  Perdition Turret x3  
  79  20:47  Perdition Turret x2, Devastation Turret  
  79  20:49  Perdition Turret  
  79  20:51  Perdition Turret x2  
  79  20:53  Perdition Turret  
  79  20:54  Perdition Turret  
  79  20:56  Perdition Turret  
  79  21:00  Perdition Turret  
  79  21:03  Perdition Turret x3  
  79  21:04  Perdition Turret x3  
  79  21:05  Wraith  
  81  21:18  Perdition Turret  
  81  21:19  Perdition Turret  
  81  21:20  Perdition Turret x2  
  81  21:21  Perdition Turret x2  
  81  21:28  Perdition Turret  
  81  21:29  Perdition Turret x2  
  81  21:30  Perdition Turret  
  81  21:33  Perdition Turret  
  81  21:42  Perdition Turret x2  
  81  21:44  Perdition Turret  
  81  21:49  Perdition Turret x2  
  81  22:02  Perdition Turret  
  81  22:23  Perdition Turret x3  
  81  22:39  Perdition Turret  
  81  22:47  Wraith x3  
  87  22:56  Perdition Turret  
  87  23:27  Wraith x3  
  93  24:07  Wraith  
  93  24:09  Supply Depot  
  95  24:39  SCV  
  100  24:42  Supply Depot  
  100  24:53  SCV  
  102  25:13  Supply Depot  
Show
View Real Time Build Order
Export as new Build Order

DarthManzo Protoss 

Build Orders:  

Get SALT Encoding   

  12  0:11  Probe (Chrono Boost)  
  13  0:25  Probe (Chrono Boost)  
  14  0:38  Probe (Chrono Boost)  
  15  0:46  Xel'Naga Passageway  
  15  0:52  Probe (Chrono Boost)  
  16  1:06  Probe (Chrono Boost)  
  17  1:20  Probe (Chrono Boost)  
  18  1:34  Probe (Chrono Boost)  
  19  1:48  Probe (Chrono Boost)  
  20  1:52  Xel'Naga Ambusher  
  22  2:01  Core Forge  
  22  2:02  Probe (Chrono Boost)  
  23  2:16  Probe (Chrono Boost)  
  24  2:22  Xel'Naga Ambusher  
  26  2:45  Probe (Chrono Boost)  
  27  2:57  Xel'Naga Ambusher  
  27  2:59  Probe (Chrono Boost)  
  30  3:13  Probe (Chrono Boost)  
  31  3:27  Probe (Chrono Boost)  
  32  3:40  Probe (Chrono Boost)  
  32  3:41  Xel'Naga Ambusher  
  32  3:47  Constructs Facility  
  35  4:04  Xel'Naga Ambusher  
  37  4:19  Unknown  
  37  4:22  Xel'Naga Shieldguard  
  38  4:40  Unknown  
  38  4:41  Unknown  
  38  4:49  Unknown  
  38  4:56  Xel'Naga Enforcer  
  42  5:06  Unknown  
  42  5:14  Unknown  
  42  5:21  Unknown  
  42  5:29  Unknown  
  42  5:36  Unknown  
  42  5:45  Xel'Naga Ambusher  
  44  5:53  Xel'Naga Watcher  
  44  5:59  Unknown  
  44  6:03  Xel'Naga Shieldguard  
  44  6:07  Unknown  
  45  6:14  Unknown  
  45  6:17  Xel'Naga Ambusher  
  45  6:28  Unknown  
  47  6:32  Xel'Naga Enforcer  
  47  6:36  Unknown  
  51  6:43  Unknown  
  51  7:00  Xel'Naga Passageway  
  51  7:07  Unknown  
  51  7:14  Unknown  
  51  7:21  Unknown  
  51  7:44  Unknown  
  51  7:51  Unknown  
  51  7:58  Unknown  
  51  8:07  Xel'Naga Ambusher  
  51  8:09  Xel'Naga Watcher  
  53  8:23  Xel'Naga Passageway  
  53  8:24  Xel'Naga Watcher, Xel'Naga Passageway, Xel'Naga Ambusher x2  
  53  8:26  Xel'Naga Passageway  
  57  8:58  Unknown  
  57  9:04  Xel'Naga Ambusher  
  57  9:09  Xel'Naga Ambusher  
  61  9:12  Xel'Naga Watcher  
  61  9:19  Unknown  
  61  9:21  Unknown  
  61  9:24  Unknown  
  61  9:26  Unknown  
  61  9:29  Unknown  
  61  9:31  Unknown  
  61  9:33  Unknown  
  61  9:35  Unknown  
  61  9:37  Unknown  
  61  9:52  Unknown  
  61  9:54  Unknown  
  61  9:56  Unknown  
  61  10:03  Unknown  
  61  10:05  Unknown  
  61  10:07  Unknown  
  61  10:10  Unknown  
  61  10:12  Unknown  
  61  10:14  Unknown  
  61  10:16  Unknown, Xel'Naga Ambusher  
  61  10:19  Unknown  
  61  10:20  Xel'Naga Ambusher  
  61  10:24  Xel'Naga Ambusher  
  61  10:25  Xel'Naga Ambusher  
  69  10:41  Unknown  
  69  10:43  Unknown  
  69  10:46  Unknown  
  69  10:48  Unknown  
  69  10:50  Unknown  
  69  10:52  Unknown  
  69  11:09  Unknown  
  69  11:11  Unknown  
  69  11:16  Unknown  
  69  11:18  Unknown  
  69  11:20  Unknown  
  69  11:22  Xel'Naga Ambusher  
  69  11:23  Xel'Naga Ambusher x2  
  69  11:26  Unknown  
  69  11:28  Unknown  
  75  11:31  Unknown  
  75  11:33  Unknown  
  75  11:37  Unknown  
  75  11:39  Unknown  
  75  11:42  Unknown  
  75  11:44  Unknown  
  75  11:47  Unknown  
  75  11:50  Unknown  
  75  11:53  Unknown  
  75  11:55  Unknown  
  75  11:57  Unknown  
  75  11:59  Unknown  
  75  12:02  Unknown  
  75  12:10  Unknown  
  75  12:12  Unknown  
  75  12:15  Unknown  
  75  12:17  Unknown  
  75  12:20  Unknown  
  75  12:22  Unknown  
  75  12:24  Unknown  
  75  12:26  Unknown  
  75  12:29  Xel'Naga Ambusher x3  
  81  12:33  Unknown  
  81  12:35  Unknown  
  81  12:38  Unknown  
  81  12:40  Unknown  
  81  12:43  Unknown  
  81  12:46  Unknown  
  81  12:48  Unknown  
  81  12:55  Unknown  
  81  12:57  Unknown  
  81  12:59  Unknown  
  81  13:06  Unknown  
  81  13:08  Unknown  
  81  13:19  Unknown  
  81  13:21  Unknown  
  81  13:26  Serdath Legion  
  81  13:39  Unknown  
  84  13:42  Unknown  
  84  13:44  Unknown  
  84  13:46  Unknown  
  84  13:48  Unknown  
  84  13:51  Unknown  
  84  13:53  Unknown  
  84  13:55  Unknown  
  84  13:57  Unknown  
  81  14:00  Unknown  
  81  14:02  Unknown  
  81  14:04  Unknown  
  81  14:06  Unknown  
  81  14:09  Unknown  
  84  14:15  Unknown  
  81  14:20  Unknown  
  81  14:22  Unknown  
  81  14:26  Unknown  
  81  14:28  Unknown  
  81  14:31  Unknown  
  81  14:37  Unknown  
  81  14:39  Unknown  
  81  14:42  Unknown  
  81  14:44  Unknown  
  81  14:46  Unknown  
  81  14:48  Unknown  
  81  14:51  Unknown  
  81  14:53  Unknown  
  81  14:58  Unknown  
  81  15:07  Unknown  
  81  15:09  Unknown  
  81  15:11  Unknown  
  81  15:13  Unknown  
  81  15:17  Unknown  
  81  15:20  Unknown  
  81  15:22  Unknown  
  81  15:24  Unknown  
  81  15:26  Unknown  
  81  15:28  Unknown  
  81  15:30  Xel'Naga Ambusher x3  
  87  15:44  Unknown  
  87  15:46  Unknown  
  87  15:48  Unknown  
  87  15:50  Unknown  
  87  15:52  Unknown  
  87  15:59  Unknown  
  87  16:01  Unknown  
  87  16:03  Unknown  
  87  16:06  Unknown  
  87  16:08  Unknown  
  87  16:11  Unknown  
  87  16:21  Serdath Legion  
  87  16:26  Unknown  
  87  16:28  Unknown  
  87  16:30  Unknown  
  87  16:36  Unknown  
  87  16:47  Unknown  
  87  16:50  Unknown  
  87  16:52  Unknown  
  87  16:54  Unknown  
  87  16:57  Unknown  
  87  16:59  Unknown  
  87  17:02  Unknown  
  87  17:04  Unknown  
  87  17:06  Unknown  
  90  17:22  Xel'Naga Ambusher  
  90  17:23  Unknown  
  90  17:25  Unknown, Xel'Naga Ambusher  
  90  17:26  Xel'Naga Ambusher x2  
  90  17:28  Unknown  
  95  17:31  Unknown  
  95  17:34  Unknown  
  95  17:36  Unknown  
  95  17:40  Unknown  
  95  17:42  Unknown  
  95  17:44  Unknown  
  95  17:46  Unknown  
  95  17:48  Unknown  
  95  17:51  Unknown  
  95  17:53  Unknown  
  95  17:55  Unknown  
  95  17:57  Unknown  
  95  17:59  Unknown  
  95  18:01  Unknown  
  95  18:04  Unknown  
  95  18:41  Unknown  
  95  18:43  Unknown  
  95  18:46  Unknown  
  95  18:48  Unknown  
  95  18:50  Unknown  
  95  18:52  Unknown  
  95  18:55  Unknown  
  95  19:22  Unknown  
  95  19:24  Unknown  
  95  19:26  Unknown  
  95  19:30  Unknown  
  95  19:32  Unknown  
  95  19:35  Unknown  
  95  19:37  Unknown  
  95  19:39  Unknown  
  95  19:41  Unknown  
  95  19:43  Unknown  
  95  19:46  Unknown  
  95  19:48  Unknown  
  95  19:50  Unknown  
  95  19:52  Unknown  
  95  19:54  Unknown  
  95  19:58  Unknown  
  95  20:00  Unknown  
  95  20:03  Unknown  
  95  20:06  Unknown  
  95  20:09  Unknown  
  95  20:11  Unknown  
  95  20:14  Unknown  
  95  20:16  Unknown  
  95  20:19  Unknown  
  95  20:21  Unknown  
  95  20:23  Unknown  
  95  20:26  Unknown  
  95  20:28  Unknown  
  95  20:31  Unknown  
  95  20:44  Serdath Legion  
  104  20:59  Unknown  
  95  21:01  Unknown  
  95  21:03  Unknown  
  95  21:05  Unknown  
  95  21:08  Unknown  
  95  21:10  Unknown  
  95  21:14  Unknown  
  95  21:16  Unknown  
  95  21:18  Unknown  
  95  21:21  Unknown  
  95  21:23  Unknown  
  95  21:26  Unknown  
  95  21:28  Unknown  
  95  21:31  Unknown  
  95  21:33  Unknown  
  95  21:35  Unknown  
  95  21:37  Unknown  
  95  21:40  Unknown  
  95  21:46  Unknown  
  95  21:49  Unknown  
  95  21:51  Unknown  
  95  21:53  Unknown  
  95  21:55  Unknown  
  95  21:59  Unknown  
  95  22:01  Unknown  
  95  22:03  Unknown  
  95  22:06  Unknown  
  95  22:08  Unknown  
  95  22:10  Unknown  
  95  22:16  Unknown  
  95  22:18  Unknown  
  95  22:20  Unknown  
  95  22:23  Unknown  
  95  22:25  Unknown  
  95  22:27  Unknown  
  95  22:29  Unknown  
  95  22:31  Unknown  
  95  22:33  Unknown  
  95  22:45  Unknown  
  95  22:53  Unknown  
  95  22:55  Unknown  
  95  22:57  Unknown  
  95  23:00  Unknown  
  95  23:03  Serdath Legion  
  95  23:07  Unknown  
  93  23:13  Unknown  
  93  23:15  Unknown  
  93  23:18  Unknown  
  92  23:24  Unknown  
  92  23:26  Unknown  
  92  23:28  Unknown  
  92  23:30  Unknown  
  92  23:33  Unknown  
  90  24:04  Unknown  
  90  24:06  Unknown  
  90  24:08  Unknown  
  90  24:11  Unknown  
  90  24:16  Unknown  
  90  25:00  Unknown  
  90  25:02  Unknown  
Tags
 
Commander
SwannZeratul
Matchup
Co-op
Replay Pack
Multiplayer
Add a new tag
Caveats
  • Supply blocks, unpowered buildings, or Contaminate may cause inaccurate times.
  • Supply counts are checked every 10 seconds.